 Dungeon Crawl Stone Soup version 0.27-a0-3-gcf006a40f5 (webtiles) character file.

Game seed: 5159637033475905568

1012 tilp the Cudgeller (level 8, -10/72 HPs)
             Began as a Palentonga Abyssal Knight on Jan 1, 2021.
             Was a Priest of Lugonu.
             Mangled by an ice beast (12 damage)
             ... on level 6 of the Dungeon.
             The game lasted 00:08:40 (7395 turns).

tilp the Cudgeller (Palentonga Abyssal Knight)      Turns: 7395, Time: 00:08:40

Health: -10/72     AC: 19    Str: 18    XL:     8   Next: 1%
Magic:  10/10      EV:  2    Int: 12    God:    Lugonu [***...]
Gold:   114        SH:  9    Dex: 10    Spells: 7/7 levels left

rFire    . . .     SeeInvis +   b - +0 morningstar
rCold    . . .     Faith    .   t - +2 kite shield
rNeg     . . .     Spirit   .   s - +0 chain mail
rPois    .         Reflect  .   c - +1 helmet
rElec    .         Harm     .   (no cloak)
rCorr    .         Rampage  .   u - +2 pair of gloves
Will     .....                  (no barding)
Stlth    ..........             (no amulet)
HPRegen  0.22/turn              (no ring)
MPRegen  0.12/turn              (no ring)

@: curled up
A: large, rugged brown scales 3, see invisible, deformed body, roll 1, armoured
tail, reflexive curl
a: Rolling Charge, Renounce Religion, Depart the Abyss, Bend Space, Banish


You were on level 6 of the Dungeon.
You worshipped Lugonu.
Lugonu was most pleased with you.
You visited 1 branch of the dungeon, and saw 6 of its levels.
You visited the Abyss 1 time.

You collected 198 gold pieces.
You spent 84 gold pieces at shops.

Inventory:

Hand Weapons
 a - a +2 mace
 b - a +0 morningstar (weapon)
 v - a +0 flail
Missiles
 l - 19 poisoned darts (quivered)
 y - 4 boomerangs
Armour
 c - a +1 helmet (worn)
 s - a +0 chain mail (worn)
 t - a +2 kite shield (worn)
 u - a +2 pair of gloves (worn)
Wands
 i - a wand of iceblast (8)
 q - a wand of polymorph (14)
 z - a wand of paralysis (4)
Scrolls
 g - a scroll of amnesia {unknown}
 j - a scroll of remove curse
 k - 2 scrolls of enchant weapon
 m - 4 scrolls of teleportation
 n - a scroll of fog {unknown}
 o - a scroll of magic mapping
 p - a scroll of noise {unknown}
 A - a scroll of random uselessness {unknown}
Potions
 d - a potion of cancellation {unknown}
 e - a potion of lignification
 f - 3 potions of attraction
 h - 4 potions of curing
 r - a potion of ambrosia {unknown}
 w - a potion of experience {unknown}
 x - 2 potions of flight {unknown}
 B - a potion of heal wounds {unknown}


   Skills:
 + Level 5.0 Fighting
 + Level 6.7 Maces & Flails
 - Level 2.0 Armour
 - Level 2.0 Dodging
 + Level 3.8 Invocations
 + Level 2.5 Evocations


You had 7 spell levels left.
You didn't know any spells.
Your spell library contained the following spells:

 Spells                   Type           Power        Failure   Level
 Animate Skeleton         Necr           0%           100%        1
 Apportation              Tloc           0%           100%        1
 Corona                   Hex            0%           100%        1
 Summon Small Mammal      Summ           0%           100%        1
 Slow                     Hex            0%           100%        2
 Confusing Touch          Hex            0%           100%        3
 Gell's Gravitas          Tloc           0%           100%        3
 Inner Flame              Hex/Fire       0%           100%        3
 Portal Projectile        Hex/Tloc       0%           100%        3
 Cause Fear               Hex            0%           100%        4
 Leda's Liquefaction      Hex/Erth       0%           100%        4
 Petrify                  Tmut/Erth      0%           100%        4
 Metabolic Englaciation   Hex/Ice        0%           100%        5
 Yara's Violent Unravell  Hex/Tmut       0%           100%        5


Dungeon Overview and Level Annotations

Branches:
Dungeon (6/15)
 Temple: D:4-7

Altars:
Elyvilon
Okawaru
Qazlal
Beogh

Shops:
D:5 }

Annotations:
D:2 1 runed translucent door, Crazy Yiuf
D:3 3 runed translucent doors, MirrMurr's ghost, amateur DsGl


Innate Abilities, Weirdness & Mutations

You are completely covered in rugged brown scales. (AC +3, +7% HP)
You have supernaturally acute eyesight. (SInv)
Armour fits poorly on your strangely shaped body.
You can roll at nearby foes to attack.
You have a long armoured tail.
You curl defensively after being hit.


Message History

Press: ? - help, Shift-Dir - straight line, f/p - ice beast
Aim: an ice beast (severely wounded, chance to affect: 82%)
You fail to use your ability.
The ice beast hits you but does no damage.
The adder skeleton completely misses you.
Unknown command.
Press: ? - help, Shift-Dir - straight line, f/p - ice beast
Aim: an ice beast (severely wounded, chance to affect: 82%)
You fail to use your ability.
The ice beast hits you but does no damage.
You block the adder skeleton's attack.
Unknown command.
Press: ? - help, Shift-Dir - straight line, f/p - ice beast
Aim: an ice beast (severely wounded, chance to affect: 82%)
You fail to use your ability.
The adder skeleton bites you but does no damage.
The ice beast hits you.
* * * LOW HITPOINT WARNING * * *
The ice beast freezes you!
You die...

#.#####...#####
...............
#####o<...#
##...Y.###..#
.....g## ...
.......# . ##
.......# .#
..(...<#
###.#####
......##
######@Y.....##
......
........Z.......
..o..!
#######.[.....##
..o... #.......#
....go #########
#..... ##...#


You could see an ice beast and an adder skeleton.

Vanquished Creatures
  Sigmund (D:3)
  2 ogres
  A centaur (D:4)
  A bullfrog zombie (D:5)
  A hound (D:3)
  A jelly (D:5)
  An orc priest (D:3)
  2 iguanas (D:5)
  2 orc wizards
  A worker ant (D:4)
  A hound skeleton (D:4)
  Robin (D:2)
  8 gnolls
  8 adders
  A shadow imp (D:5)
  A white imp (D:5)
  An ufetubus (D:5)
  An adder zombie (D:5)
  5 worms
  5 dart slugs
  3 leopard geckos
  18 orcs
  2 ball pythons
  3 giant cockroaches
  16 goblins
  13 hobgoblins
  7 kobolds
  A quokka (D:2)
  4 bats
  6 frilled lizards
  9 rats
127 creatures vanquished.

Vanquished Creatures (others)
  A plant (D:3)
1 creature vanquished.

Grand Total: 128 creatures vanquished

Notes
Turn   | Place    | Note
-------+----------+-------------------------------------------
     0 | Abyss:1  | tilp the Palentonga Abyssal Knight began the quest for the
                  | Orb.
     0 | Abyss:1  | Reached XP level 1. HP: 20/20 MP: 2/2
    75 | Abyss:1  | Noticed a chaos spawn
    75 | Abyss:1  | Noticed a thrashing horror
    76 | D:1      | Escaped the Abyss
   409 | D:1      | Reached * piety under Lugonu
   410 | D:1      | Reached XP level 2. HP: 18/27 MP: 3/3
  1062 | D:2      | Reached skill level 3 in Maces & Flails
  1062 | D:2      | Reached XP level 3. HP: 22/35 MP: 4/4
  1598 | D:2      | Noticed Robin
  1623 | D:2      | Killed Robin
  1624 | D:2      | Reached XP level 4. HP: 14/42 MP: 5/5
  2002 | D:2      | Reached skill level 4 in Maces & Flails
  2912 | D:2      | Reached XP level 5. HP: 47/49 MP: 6/6
  2938 | D:2      | Reached ** piety under Lugonu
  3128 | D:2      | Found a runed translucent door.
  3129 | D:2      | Noticed Crazy Yiuf
  3361 | D:3      | Found a runed translucent gate.
  3361 | D:3      | Found a runed translucent gate.
  3361 | D:3      | Found a runed translucent gate.
  3361 | D:3      | Noticed MirrMurr's ghost (amateur DsGl)
  3389 | D:3      | Identified the +5 whip "Giom" {drain, rC- rN++ Int+2 Dex+3}
  3423 | D:3      | Found a white marble altar of Elyvilon.
  3562 | D:3      | Noticed Ijyb
  3564 | D:3      | Noticed Ijyb
  3564 | D:3      | Ijyb changed into Ijyb the hound
  3571 | D:3      | Killed Ijyb the hound
  3572 | D:3      | Reached skill level 5 in Maces & Flails
  3840 | D:3      | Noticed Sigmund
  3852 | D:3      | Killed Sigmund
  3853 | D:3      | Reached skill level 6 in Maces & Flails
  3853 | D:3      | Reached skill level 1 in Dodging
  3853 | D:3      | Reached XP level 6. HP: 43/55 MP: 7/7
  4068 | D:3      | Found a roughly hewn altar of Beogh.
  4737 | D:4      | Reached skill level 1 in Evocations
  4890 | D:4      | Found an iron altar of Okawaru.
  5112 | D:4      | Gained mutation: You curl defensively after being hit.
                  | [Palentonga growth]
  5112 | D:4      | Reached XP level 7. HP: 24/64 MP: 7/9
  5906 | D:5      | Entered Level 5 of the Dungeon
  5972 | D:5      | Found Akhud's Gadget Shoppe.
  5988 | D:5      | Bought a wand of paralysis (5) for 84 gold pieces
  6193 | D:5      | Reached *** piety under Lugonu
  6599 | D:5      | Noticed a water elemental
  6601 | D:5      | Found a stormy altar of Qazlal.
  6603 | D:5      | Noticed a fire elemental
  6603 | D:5      | Noticed an air elemental
  6991 | D:5      | Reached skill level 5 in Fighting
  7368 | D:6      | Reached XP level 8. HP: 71/72 MP: 10/10
  7395 | D:6      | HP: 2/72 [ice beast (4)]
  7395 | D:6      | Mangled by an ice beast

Illustrated notes

Levels and vault maps discovered:
D:1:      dpeg_arrival_simpleton_c, layout_basic
D:2:      layout_basic, minmay_split_cup_large, uniq_robin,
          uniq_crazy_yiuf_cottage
D:3:      cheibrodos_old_hovel, layout_rooms, biasface_ghost_orc_armoury,
          minivault_19, elyvilon_altar_1, uniq_sigmund, uniq_ijyb
D:4:      layout_loops_ring, okawaru_altar_gauntlet_db
D:5:      layout_loops_ring, serial_shops, shop,
          nicolae_qazlal_style_of_elements
D:6:      lemuel_slime, layout_rooms

Skill      XL: |  1  2  3  4  5  6  7 |
---------------+----------------------+-----
Maces & Flails | 3 4 6 |  6.7
Fighting       | 4 5 |  5.0
Dodging        | 1 2 |  2.0
Evocations     | 1 2 |  2.5
Armour         | 2 |  2.0
Invocations    | 3 |  3.8

Action                   |  1- 3 |  4- 6 |  7- 9 || total
-------------------------+-------+-------+-------++-------
Melee: Mace              |   131 |   224 |   119 ||   474
       Tailslap          |     8 |    22 |    18 ||    48
       Morningstar       |       |       |    15 ||    15
Throw: Dart              |     1 |       |       ||     1
Invok: Depart the Abyss  |     1 |       |       ||     1
 Abil: Rolling Charge    |       |     2 |     3 ||     5
Evoke: Wand              |       |     1 |     2 ||     3
  Use: Scroll            |     4 |     3 |     4 ||    11
Armor: Leather armour    |    34 |       |       ||    34
       Ring mail         |    26 |       |       ||    26
       Chain mail        |    21 |   140 |   125 ||   286
Dodge: Dodged            |    65 |    43 |     9 ||   117
Block: Kite shield       |       |    43 |    65 ||   108

Table legend: (Time is in decaauts)
 A = Elapsed time spent in this place.
 B = Non-inter-level travel time spent in this place.
 C = Inter-level travel time spent in this place.
 D = Time resting spent in this place.
 E = Time spent auto-exploring this place.
 F = Levels seen in this place.
 G = Mean time per level.
                   A        B        C        D        E       F      G
               +--------+--------+--------+--------+--------+-----+--------+
         Total |   7501 |   7150 |    351 |   2036 |   3951 |   7 | 1071.6 |
       Dungeon |   7425 |   7074 |    351 |   2036 |   3891 |   6 | 1237.5 |
         Abyss |     76 |     76 |      0 |      0 |     60 |   1 |   76.0 |
               +--------+--------+--------+--------+--------+-----+--------+

Top non-repeatable levels by time:
     D:1: 1740 daAuts
     D:2: 1597 daAuts
     D:5: 1445 daAuts
     D:4: 1308 daAuts
     D:3: 1266 daAuts
 Abyss:1: 76 daAuts
     D:6: 68 daAuts
